 Dungeon Crawl Stone Soup version 0.30-a0-121-gb27577e5d9 (webtiles) character file.

Game seed: 1914930693836491521

254 drugrobin the Cutter (level 5, -6/42 HPs)
             Began as a Demigod Delver on Sept 14, 2022.
             Mangled by an ogre
             ... wielding a +0 giant spiked club
              (26 damage)
             ... on level 4 of the Dungeon.
             The game lasted 00:12:34 (5028 turns).

drugrobin the Cutter (Demigod Delver)               Turns: 5028, Time: 00:12:35

Health: -6/42      AC:  8    Str: 13    XL:     5   Next: 59%
Magic:  7/7        EV:  6    Int: 12    God:
Gold:   138        SH:  5    Dex: 19    Spells: 2/4 levels left

rFire   . . .      SeeInvis .    a - +0 short sword
rCold   . . .      Faith    .    (no shield)
rNeg    . . .      Spirit   .    i - +0 chain mail
rPois   .          Reflect  +    (no helmet)
rElec   .          Harm     .    (no cloak)
rCorr   .          Rampage  .    (no gloves)
Will    .....                    (no boots)
Stlth   ..........               r - amulet of reflection
HPRegen 0.14/turn                (no ring)
MPRegen 0.10/turn                (no ring)

@: no status effects
A: high MP 1, forlorn, divine attributes
a: no special abilities


You were on level 4 of the Dungeon.
You visited 2 branches of the dungeon, and saw 6 of its levels.

You collected 174 gold pieces.
You spent 36 gold pieces at shops.

Inventory:

Hand Weapons
 a - a +0 short sword (weapon)
 b - a +3 hand axe
 e - a +0 great sword
 n - a +0 war axe
Missiles
 k - 5 atropa-tipped darts (quivered)
 u - 4 poisoned darts
 x - a throwing net
Armour
 i - a +0 chain mail (worn)
 q - a +0 ring mail
 s - a +0 leather armour
Magical Staves
 o - a staff of poison
Jewellery
 r - an amulet of reflection (around neck)
 v - an amulet of magic regeneration
Wands
 g - a wand of digging (3)
Scrolls
 c - 2 scrolls of fog
 d - 2 scrolls of magic mapping
 j - 3 scrolls of teleportation {unknown}
 l - 3 scrolls of poison {unknown}
 m - 4 scrolls of identify {unknown}
 p - 2 scrolls of enchant weapon {unknown}
 t - a scroll of amnesia {unknown}
Potions
 f - 2 potions of haste
 h - 3 potions of curing {unknown}
 w - a potion of berserk rage {unknown}


   Skills:
 - Level 2.6 Fighting
 + Level 5.7 Short Blades
 - Level 1.7 Dodging
 - Level 4.5 Stealth


You had 2 spell levels left.
You knew the following spells:

 Your Spells              Type           Power      Damage    Failure   Level
a - Cigotuvi's Dreadful   Necr/Pois/Air  0%         N/A       100%        2

Your spell library contained the following spells:

 Spells                   Type           Power      Damage    Failure   Level
 Dispel Undead            Necr           0%         3d6       100%        4
 Death Channel            Necr           0%         N/A       100%        6


Dungeon Overview and Level Annotations

Branches:
Dungeon (5/15)             Temple (1/1) D:4

Shops:
D:3 (

Annotations:
D:3 2 transporters, 1 runed translucent door, Crazy Yiuf; Inkognito's ghost, amateur DjIE
D:4 exclusion: necrophage


Innate Abilities, Weirdness & Mutations

You have an increased reservoir of magic. (+10% MP)
You shall have no god before yourself.
Your divine heritage dramatically boosts your attributes as you level up.


Message History

You see here a +0 hammer.
You see here a +0 robe.
There is a stone staircase leading up here.
You climb upwards.
There is a stone staircase leading down here.
Done exploring.
Done exploring.
Unknown command.
Unknown command.
You see here a +0 dagger.
There is a stone staircase leading down here.
You climb downwards.
Level annotation: 2 transporters, 1 runed translucent door, Crazy Yiuf; Inkognito's ghost, amateur DjIE
There is a stone staircase leading up here.
You see here a +0 robe.
You see here a +0 hammer.
You see here a +0 hammer.
You see here a +0 hammer.
You see here a +0 hammer.
You see here a +0 hammer.
Could not explore, unopened runed door.
Unknown command.
Unknown command.
You see here a +0 hammer.
You see here a +0 hammer.
You see here a +0 hammer.
You see here a +0 hammer.
You see here a +0 robe.
There is a stone staircase leading down here.
You climb downwards.
Level annotation: exclusion: necrophage The ogre hits you with a +0 giant spiked club!!
Ouch! That really hurt!
There is a stone staircase leading up, spattered with blood here.
Unknown command.
Unknown command.
The ogre attacks as you move away!
The ogre hits you with a +0 giant spiked club!!
Ouch! That really hurt!
You die...

#.######.## ##.#.....#
.## ##.......## #.#
#..#####..## ##.### .
...# #....## #....### ..
...# #.....###......#...
...#
#..##...............
..###...###............#
..###..# ##....@O...8.#
..##...# ##...###..(...
.##....# #...## ..#(#
......# #...## ...
......####...## .).
........#....### ..
..##...........### 8
...##............##
...................


You could see an ogre.

Vanquished Creatures
  Ijyb (D:3)
  Natasha (thrice) (D:3)
  5 adders
  A worm (D:3)
  3 dart slugs
  5 orcs
  7 ball pythons
  8 endoplasms
  2 giant cockroaches (D:1)
  12 goblins
  6 hobgoblins
  11 jackals
  6 kobolds
  2 quokkas (D:2)
  9 bats
  7 frilled lizards
  4 rats
92 creatures vanquished.

Vanquished Creatures (others)
  An orc (D:3)
  2 fungi (D:3)
3 creatures vanquished.

Grand Total: 95 creatures vanquished

Notes
Turn   | Place    | Note
-------+----------+-------------------------------------------
     0 | D:5      | drugrobin the Demigod Delver began the quest for the Orb.
     0 | D:5      | Reached XP level 1. HP: 18/18 MP: 3/3
   182 | D:5      | Noticed a water moccasin
   229 | D:4      | Noticed a necrophage
   244 | D:4      | Reached skill level 2 in Short Blades
   491 | D:4      | Reached XP level 2. HP: 24/25 MP: 4/4
   548 | D:4      | Found a staircase to the Ecumenical Temple.
   558 | Temple   | Entered the Ecumenical Temple
   684 | D:4      | Reached skill level 3 in Short Blades
   733 | D:4      | Noticed an ogre
   733 | D:4      | Found the +6 shillelagh "Devastator" {shatter}
   928 | D:3      | Noticed Ijyb
   935 | D:3      | Reached XP level 3. HP: 21/30 MP: 5/5
  1091 | D:3      | Found a transporter.
  1091 | D:3      | Noticed Inkognito's ghost (amateur DjIE)
  1097 | D:3      | Found a transporter.
  1190 | D:3      | Noticed a water moccasin
  1365 | D:1      | Learned a level 2 spell: Cigotuvi's Dreadful Rot
  1971 | D:1      | Reached skill level 4 in Short Blades
  2447 | D:2      | Reached XP level 4. HP: 26/37 MP: 6/6
  3407 | D:3      | Noticed Natasha
  3440 | D:3      | Killed Natasha
  3587 | D:3      | Noticed Natasha
  3630 | D:3      | Killed Natasha
  3631 | D:3      | Reached skill level 5 in Short Blades
  3631 | D:3      | Reached XP level 5. HP: 18/42 MP: 7/7
  3835 | D:3      | Noticed Natasha
  3850 | D:3      | Killed Natasha
  4025 | D:3      | Found Rinn's Weapon Shop.
  4400 | D:3      | Killed Ijyb
  4476 | D:3      | Bought a throwing net for 36 gold pieces
  4708 | D:3      | Found a runed translucent door.
  4709 | D:3      | Noticed Crazy Yiuf
  5028 | D:4      | Mangled by an ogre

Illustrated notes

Levels and vault maps discovered:
D:1:      sevenhm_arrival_forest_fort_small_5, layout_basic
D:2:      layout_rooms, basic_altar, shapermc_ecumenical_altar_hornbeckon,
          minmay_statues_item, minmay_hexomino_f4
D:3:      layout_loops_ring, nicolae_qazlal_scattered_showers,
          amethyst_overflow_temple_binary, serial_shops,
          nicolae_shop_bloodbath_and_beyond, gammafunk_ghost_arena,
          uniq_natasha, uniq_ijyb, uniq_crazy_yiuf_cottage
D:4:      layout_layer_cave, minmay_temple_entry_sparse_star,
          gammafunk_ghost_stat_death, dilly_guarded_unrand_devastator
D:5:      layout_loops_ring, elyvilon_altar_1
Temple:   jpeg_temple_island

Skill      XL: |  1  2  3  4 |
---------------+-------------+-----
Short Blades   | 2 3 4 5 |  5.7
Fighting       | |  2.6
Dodging        | |  1.7
Stealth        | |  4.5

Action                   |  1- 3 |  4- 6 || total
-------------------------+-------+-------++-------
Melee: Short sword       |   214 |   239 ||   453
       Unarmed           |     3 |    12 ||    15
       Punch             |     1 |     4 ||     5
Throw: Dart              |       |     4 ||     4
  Use: Scroll            |     1 |       ||     1
 Stab: Sleeping          |    10 |       ||    10
Armor: Leather armour    |    10 |       ||    10
       Chain mail        |   122 |    95 ||   217
Dodge: Dodged            |   111 |    48 ||   159
Block: Other             |       |    27 ||    27
       Reflection        |       |     2 ||     2

Table legend: (Time is in decaauts)
 A = Elapsed time spent in this place.
 B = Non-inter-level travel time spent in this place.
 C = Inter-level travel time spent in this place.
 D = Time resting spent in this place.
 E = Time spent auto-exploring this place.
 F = Levels seen in this place.
 G = Mean time per level.
                   A        B        C        D        E       F      G
               +--------+--------+--------+--------+--------+-----+--------+
         Total |   4917 |   4798 |    119 |   1220 |   1995 |   6 |  819.5 |
       Dungeon |   4882 |   4763 |    119 |   1202 |   1995 |   5 |  976.4 |
        Temple |     34 |     34 |      0 |     18 |      0 |   1 |   34.0 |
               +--------+--------+--------+--------+--------+-----+--------+

Top non-repeatable levels by time:
     D:3: 1791 daAuts
     D:2: 1243 daAuts
     D:1: 1148 daAuts
     D:4: 472 daAuts
     D:5: 228 daAuts
  Temple: 34 daAuts
